 Dungeon Crawl Stone Soup version 0.29-a0-993-g4a18f31a58 (webtiles) character file.

Game seed: 6443600553697526443

134 flotson the Sneak (level 4, 0/37 HPs)
             Began as a Demonspawn Delver on Aug 2, 2022.
             Slain by an ufetubus (3 damage)
             ... on level 3 of the Dungeon.
             The game lasted 00:05:04 (4298 turns).

flotson the Sneak (Demonspawn Delver)               Turns: 4298, Time: 00:05:06

Health: 0/37       AC:  5    Str: 14    XL:     4   Next: 95%
Magic:  0/4        EV: 11    Int: 12    God:
Gold:   268        SH:  0    Dex: 14    Spells: 3/3 levels left

rFire   . . .      SeeInvis .   a - +0 trident
rCold   . . .      Faith    .   (no shield)
rNeg    . . .      Spirit   +   t - +0 ring mail
rPois   .          Reflect  .   (no helmet)
rElec   .          Harm     .   (no cloak)
rCorr   .          Rampage  .   (no gloves)
Will    +....                   (no boots)
Stlth   ++........              k - amulet of guardian spirit
HPRegen 0.12/turn               r - ring of willpower
MPRegen 0.09/turn               (no ring)

@: no status effects
A: claws 1, demonic guardian 1
a: no special abilities


You were on level 3 of the Dungeon.
You visited 1 branch of the dungeon, and saw 6 of its levels.

You collected 268 gold pieces.

Inventory:

Hand Weapons
 a - a +0 trident (weapon)
 b - a +0 sling
Missiles
 i - a throwing net (quivered)
 l - 12 poisoned darts
Armour
 t - a +0 ring mail (worn)
Jewellery
 k - an amulet of guardian spirit (around neck)
 r - a ring of willpower (left claw)
Wands
 g - a wand of digging (3)
 y - a wand of mindburst (12)
Scrolls
 c - a scroll of fog
 d - 2 scrolls of magic mapping
 e - a scroll of fear
 h - a scroll of torment {unknown}
 j - 5 scrolls of identify {unknown}
 m - a scroll of blinking {unknown}
 n - 2 scrolls of teleportation {unknown}
 u - a scroll of vulnerability {unknown}
 w - a scroll of brand weapon {unknown}
 z - a scroll of noise {unknown}
 A - a scroll of butterflies {unknown}
 B - a scroll of poison {unknown}
Potions
 f - 3 potions of haste
 o - a potion of curing {unknown}
 p - 2 potions of attraction {unknown}
 q - a potion of might {unknown}
 s - a potion of ambrosia {unknown}
 v - a potion of heal wounds {unknown}
 x - a potion of brilliance {unknown}


   Skills:
 + Level 3.8 Fighting
 - Level 1.7 Polearms
 + Level 1.9 Armour
 + Level 2.7 Dodging
 - Level 4.5 Stealth
 + Level 2.0 Evocations


You had 3 spell levels left.
You didn't know any spells.
Your spell library contained the following spells:

 Spells                   Type           Power      Damage    Failure   Level
 Beastly Appendage        Tmut           0%         N/A       54%         1
 Sting                    Tmut/Pois      0%         1d3       54%         1
 Poisonous Vapours        Pois/Air       0%         N/A       69%         2
 Wereblood                Tmut           0%         N/A       69%         2
 Spider Form              Tmut/Pois      0%         N/A       89%         3
 Olgreb's Toxic Radiance  Pois           0%         N/A       100%        4
 Borgnjor's Revivificati  Necr           0%         N/A       100%        8
 Necromutation            Tmut/Necr      0%         N/A       100%        8
 Death's Door             Necr           0%         N/A       100%        9


Dungeon Overview and Level Annotations

Branches:
Dungeon (6/15)
 Temple: D:4-7

Altars:
Fedhas
Kikubaaqudgha
Makhleb
Wu Jian
Yredelemnul

Shops:
D:1 [

Annotations:
D:5 Prince Ribbit


Innate Abilities, Weirdness & Mutations

You have sharp fingernails.
A weak demonic guardian rushes to your aid.


Message History

* * * LOW HITPOINT WARNING * * *
The ufetubus barely misses you.
The ufetubus hits you but does no damage.
The ufetubus closely misses you. The ufetubus attacks as you move away!
The ufetubus closely misses you. x2
The ufetubus attacks as you move away!
The ufetubus hits you but does no damage.
The ufetubus barely misses you. x2; The ufetubus closely misses you.
The ufetubus attacks as you move away! The ufetubus barely misses you.
The ufetubus misses you. The ufetubus attacks as you move away!
The ufetubus hits you but does no damage.
The ufetubus closely misses you. The ufetubus hits you.
* * * LOW HITPOINT WARNING * * *
A demonic guardian appears!
The ufetubus hits you.
There is a stone staircase leading up here.
The ufetubus hits you but does no damage.
The ufetubus barely misses you.
The gnoll hits you from afar with a +0 halberd!
* * * LOW HITPOINT WARNING * * *
You climb upwards.
Your summoned ally is left behind.
There is a stone staircase leading down here.
You hit the ufetubus.
The ufetubus is heavily wounded.
The ufetubus closely misses you. The ufetubus hits you.
* * * LOW HITPOINT WARNING * * *
The ufetubus hits you but does no damage.
The ufetubus barely misses you.
You miss the ufetubus.
The ufetubus is heavily wounded.
The ufetubus hits you but does no damage. x3
The ufetubus closely misses you.
You closely miss the ufetubus.
The ufetubus is heavily wounded.
The ufetubus hits you.
* * * LOW HITPOINT WARNING * * *
The ufetubus barely misses you.
The ufetubus hits you but does no damage.
The ufetubus hits you.
You die...

# #.# #.........#..†..#...#
##### #.# ##.#......##...##...#
....# #.# #.........##'##....#
....###.# #......##.......#.##
....'...# ##.....##.....)...#
....##########.....##.......###
....# #..........##.#######
...## #......5...##.# ...#
#.......@..##.# ####
#.....##'####.# #.....##'####.#
#...........#.#
#########...........#.#######
........'...........#.#.....#
#########.....#######.#.###.#
####### #.#.#<#.# #.#.#.#.#


You could see an ufetubus.

Vanquished Creatures
  Jessica (D:3)
  3 adders
  2 worms
  A dart slug (D:1)
  3 orcs
  5 ball pythons
  5 bats
  3 endoplasms
  2 giant cockroaches
  2 goblins
  3 hobgoblins
  2 jackals (D:3)
  7 quokkas
  4 frilled lizards
  7 kobolds
  3 rats (D:1)
53 creatures vanquished.

Vanquished Creatures (collateral kills)
  An adder (D:2)
  2 endoplasms (D:2)
  A hobgoblin (D:2)
  A kobold (D:1)
5 creatures vanquished.

Vanquished Creatures (others)
  8 plants (D:4)
8 creatures vanquished.

Grand Total: 66 creatures vanquished

Notes
Turn   | Place    | Note
-------+----------+-------------------------------------------
     0 | D:5      | flotson the Demonspawn Delver began the quest for the Orb.
     0 | D:5      | Reached XP level 1. HP: 18/18 MP: 1/1
   119 | D:3      | Gained mutation: A weak demonic guardian rushes to your
                  | aid. [demonic ancestry]
   119 | D:3      | Reached XP level 2. HP: 13/24 MP: 2/2
   256 | D:6      | Noticed a kobold brigand
   265 | D:6      | Noticed a scorpion
   411 | D:5      | Noticed a scorpion
   496 | D:4      | Reached skill level 1 in Evocations
   613 | D:5      | Noticed Prince Ribbit
   720 | D:3      | Reached skill level 1 in Armour
   733 | D:3      | Reached XP level 3. HP: 27/29 MP: 3/3
  2278 | D:1      | Gained mutation: You have sharp fingernails. [demonic
                  | ancestry]
  2278 | D:1      | Reached XP level 4. HP: 35/35 MP: 4/4
  2283 | D:1      | Found Gaikh's Armour Boutique.
  3247 | D:2      | Found a faded altar of an unknown god.
  3483 | D:3      | Noticed Jessica
  3490 | D:3      | Killed Jessica
  3695 | D:3      | Found a blossoming altar of Fedhas.
  3801 | D:3      | Found a burning altar of Makhleb.
  3806 | D:3      | Found a basalt altar of Yredelemnul.
  3810 | D:3      | Found an ancient bone altar of Kikubaaqudgha.
  4254 | D:4      | Found an ornate altar of the Wu Jian Council.
  4298 | D:3      | Slain by an ufetubus

Illustrated notes

Levels and vault maps discovered:
D:1:      dpeg_arrival_central, layout_loops_corners, serial_shops, shop_statue
D:2:      layout_rooms, shapermc_ecumenical_altar_notcrosses
D:3:      layout_basic, nicolae_elyvilon_peaceful_grove,
          mainiacjoe_overflow_tiny_flanked, minmay_overflow_temple_star_quad,
          minmay_misc_feat_diagonals, grunt_ministairs_9,
          kennysheep_jessica_study
D:4:      layout_loops_cross, nicolae_wu_jian_wuxing_cycle,
          minmay_temple_entry_offerings, serial_bayou, serial_bayou_pond_e,
          serial_bayou_pond_a, serial_bayou_crossing, serial_bayou_ford_a,
          kennysheep_minor_cross, minivault_11
D:5:      layout_loops_ring, uniq_prince_ribbit1
D:6:      layout_gridville, grunt_temple_overflow_gold_and_silver, st_stairs_9,
          uniq_grinder

Skill      XL: |  1  2  3  4 |
---------------+-------------+-----
Dodging        | 2 |  2.7
Evocations     | 1 2 |  2.0
Armour         | 1 |  1.9
Fighting       | |  3.8
Polearms       | |  1.7
Stealth        | |  4.5

Action                   |  1- 3 |  4- 6 || total
-------------------------+-------+-------++-------
Melee: Spear             |    19 |       ||    19
       Trident           |    89 |    63 ||   152
       Punch             |     3 |       ||     3
 Fire: Sling             |    32 |       ||    32
 Stab: Sleeping          |    11 |     1 ||    12
       Distracted        |     1 |       ||     1
Armor: Leather armour    |    18 |       ||    18
       Ring mail         |     8 |    40 ||    48
Dodge: Dodged            |    60 |    72 ||   132

Table legend: (Time is in decaauts)
 A = Elapsed time spent in this place.
 B = Non-inter-level travel time spent in this place.
 C = Inter-level travel time spent in this place.
 D = Time resting spent in this place.
 E = Time spent auto-exploring this place.
 F = Levels seen in this place.
 G = Mean time per level.
                   A        B        C        D        E       F      G
               +--------+--------+--------+--------+--------+-----+--------+
         Total |   4356 |   4148 |    208 |    193 |   3331 |   6 |  726.0 |
       Dungeon |   4356 |   4148 |    208 |    193 |   3331 |   6 |  726.0 |
               +--------+--------+--------+--------+--------+-----+--------+

Top non-repeatable levels by time:
     D:3: 1409 daAuts
     D:1: 1348 daAuts
     D:2: 827 daAuts
     D:4: 396 daAuts
     D:5: 371 daAuts
     D:6: 3 daAuts
